 Dungeon Crawl Stone Soup version 0.26-a0-53-g45f243fec8 (webtiles) character file.

Game seed: 3798342312871308935

233 Nixze the Magician (level 5, 0/35 HPs)
             Began as a Mummy Conjurer on June 7, 2020.
             Slain by an orc warrior
             ... wielding a +0 battleaxe
              (13 damage)
             ... on level 4 of the Dungeon.
             The game lasted 00:07:43 (3423 turns).

Nixze the Magician (Mummy Conjurer)                 Turns: 3423, Time: 00:07:43

Health: 0/35       AC:  7    Str: 11    XL:     5   Next: 75%
Magic:  3/12       EV: 11    Int: 22    God:
Gold:   189        SH:  0    Dex: 12    Spells: 13/14 levels left

rFire    x . .     SeeInvis .   i - +2 dagger (vamp)
rCold    + . .     Gourm    .   (no shield)
rNeg     + + +     Faith    .   h - +0 leather armour
rPois    ∞         Spirit   .   (no helmet)
rElec    .         Reflect  .   q - +0 cloak
rCorr    .         Harm     .   (no gloves)
MR       .....                  a - +2 pair of boots
Stlth    ++........             c - amulet of magic regeneration
HPRegen  0.11/turn              m - +6 ring of intelligence
MPRegen  0.38/turn              (no ring)

@: no status effects
A: no food or potions, fire vulnerability, cold resistance 1, negative energy
resistance 3, torment resistance, unbreathing
a: no special abilities


You were on level 4 of the Dungeon.
You were not hungry.

You visited 1 branch of the dungeon, and saw 4 of its levels.

You collected 189 gold pieces.

Inventory:

Hand Weapons
 e - a +0 spear
 i - a +2 vampiric dagger (weapon)
Missiles
 d - 108 stones
 n - a boomerang (quivered)
Armour
 a - a +2 pair of boots (worn)
 h - a +0 leather armour (worn)
 q - a +0 cloak (worn)
Jewellery
 c - an amulet of magic regeneration (around neck)
 m - a +6 ring of intelligence (left hand)
Scrolls
 b - 6 scrolls of identify
 g - a scroll of remove curse
 j - 3 scrolls of fear
 k - a scroll of fog
 l - 2 scrolls of teleportation
 r - a scroll of enchant weapon {unknown}


   Skills:
 + Level 0.2 Fighting
 + Level 1.6 Dodging
 + Level 1.6 Stealth
 + Level 5.0 Spellcasting
 + Level 5.0 Conjurations


You had 13 spell levels left.
You knew the following spells:

 Your Spells              Type           Power        Failure   Level  Hunger
a - Magic Dart            Conj           ####         1%          1    N/A

Your spell library contained the following spells:

 Spells                   Type           Power        Failure   Level  Hunger
 Searing Ray              Conj           ####..       2%          2    N/A
 Dazzling Flash           Conj/Hex       ###...       14%         3    N/A
 Confusing Touch          Hex            #.......     36%         3    N/A
 Gell's Gravitas          Tloc           #.........   36%         3    N/A
 Fulminant Prism          Conj/Hex       ###.......   43%         4    N/A
 Iskenderun's Mystic Bla  Conj/Tloc      ###.....     43%         4    N/A
 Petrify                  Tmut/Erth      #.......     78%         4    N/A
 Metabolic Englaciation   Hex/Ice        #.........   98%         5    N/A
 Yara's Violent Unravell  Hex/Tmut       #.........   98%         5    N/A

Dungeon Overview and Level Annotations

Branches:
Dungeon (4/15)
 Temple: D:4-7

Altars:
Ashenzari
Qazlal
Uskayaw
Vehumet


Innate Abilities, Weirdness & Mutations

You do not eat or drink.
Your flesh is vulnerable to fire.
You are immune to poison.
Your flesh is cold resistant. (rC+)
You are immune to negative energy. (rN+++)
You are immune to unholy pain and torment.
You can survive without breathing.


Message History

The orc shouts!
The orc warrior barely misses you.
Casting: Magic Dart (safe; 1% risk of failure)
Confirm with . or Enter, or press ? or * to list all spells.
Aiming: Magic Dart (safe; 1% risk of failure)
Press: ? - help, Shift-Dir - straight line, f/p - orc warrior
Aim: an orc warrior, wielding a +0 battleaxe and wearing a +0 plate armour (moderately wounded)
The magic dart hits the orc warrior but does no damage.
The orc warrior is moderately wounded.
The orc warrior hits you with a +0 battleaxe!
Casting: Magic Dart (safe; 1% risk of failure)
Confirm with . or Enter, or press ? or * to list all spells.
Aiming: Magic Dart (safe; 1% risk of failure)
Press: ? - help, Shift-Dir - straight line, f/p - orc warrior
Aim: an orc warrior, wielding a +0 battleaxe and wearing a +0 plate armour (moderately wounded)
The magic dart hits the orc warrior.
The orc warrior is moderately wounded.
A worker ant comes into view.
The orc warrior hits you with a +0 battleaxe!
You die...

*****,,,***#.........#**,,
*,,,,,,,* *#.......#* ***
*,*****,* *#.....#* * ****,*
*,* *#..<#* ** *,,,,** *,*
##'## *, *,**,,****,*#####
#.# *,
*,,,,,,,,,,,,...###.#######*,
*,,*,*****#####.##........#*,
*,,*,,***,#o@##........##.#*,
*,,**,,,*#o##.#........#*,**,
*,,,**,,.o*,##.......#.#*,**,
**,,*,#.a,*,*##.....##.##.#*,
*,,**#(8,,,,,#.#........>.,,
*,,,*#,,,8*,*#.#.#.#######**
*,,**,,*,,***#...#.#
*,**,,,,*** #.###.#
*,****,#######.# #.#


You could see an orc warrior, a worker ant and 2 orcs.

Vanquished Creatures
  An orc priest (D:4)
  A worker ant (D:3)
  A worker ant zombie (D:3)
  6 adders
  A gnoll (D:1)
  2 worms (D:3)
  5 dart slugs
  A leopard gecko (D:3)
  12 orcs
  2 ball pythons (D:3)
  3 giant cockroaches
  7 goblins
  7 hobgoblins
  A quokka (D:2)
  7 bats
  3 frilled lizards
  9 kobolds
  10 rats
79 creatures vanquished.

Notes
Turn   | Place    | Note
-------+----------+-------------------------------------------
     0 | D:1      | Nixze the Mummy Conjurer began the quest for the Orb.
     0 | D:1      | Reached XP level 1. HP: 13/13 MP: 4/4
    26 | D:1      | Reached XP level 2. HP: 11/19 MP: 0/6
   840 | D:1      | Reached XP level 3. HP: 24/24 MP: 5/8
  1582 | D:2      | Found a shattered altar of Ashenzari.
  1794 | D:2      | Found a radiant altar of Vehumet.
  1797 | D:2      | Reached XP level 4. HP: 30/30 MP: 6/10
  2177 | D:3      | Found a stormy altar of Qazlal.
  2625 | D:3      | Reached skill level 5 in Spellcasting
  2625 | D:3      | Reached XP level 5. HP: 35/35 MP: 6/12
  3338 | D:4      | Found a hide-covered altar of Uskayaw.
  3399 | D:4      | Noticed an orc warrior
  3402 | D:4      | Reached skill level 5 in Conjurations
  3423 | D:4      | Slain by an orc warrior

Illustrated notes

Levels and vault maps discovered:
D:1:      dpeg_arrival_arbitrary_a, layout_loops_ring,
          hangedman_abyss_or_decor_lesser_grid
D:2:      layout_loops_ring, old_standard_altar, evilmike_ruin_ashenzari
D:3:      minmay_diamond_boxcup, layout_basic, first_ration,
          nicolae_qazlal_general_emergency
D:4:      layout_loops_corners, nicolae_overflow_hidden_temple,
          lemuel_doored_altar, guppyfry_early_orc_mine

Skill      XL: |  1  2  3  4  5 |
---------------+----------------+-----
Spellcasting   | 3 4 5 |  5.0
Conjurations   | 4 5 |  5.0
Fighting       | |  0.2
Dodging        | |  1.6
Stealth        | |  1.6

Action                   |  1- 3 |  4- 6 || total
-------------------------+-------+-------++-------
Melee: Dagger            |     4 |       ||     4
Throw: Stone             |    34 |     6 ||    40
       Dart              |     2 |     2 ||     4
       Boomerang         |       |    25 ||    25
 Cast: Magic Dart        |    80 |   119 ||   199
  Use: Scroll            |       |     6 ||     6
Armor: Leather armour    |    10 |    15 ||    25
Dodge: Dodged            |    13 |    49 ||    62

Table legend:
 A = Non-vault XP
 B = Vault XP
 C = Vault XP percentage of total XP
 D = Non-vault monster count
 E = Vault monster count
 F = Vault count percentage of total count
                 A         B        C        D         E       F
            +---------+---------+-------+---------+---------+-------
      Total |     225 |     109 |  32.6 |      70 |       9 |  11.4
            +---------+---------+-------+---------+---------+-------
        D:1 |      48 |       0 |   0.0 |      20 |       0 |   0.0
        D:2 |      67 |       0 |   0.0 |      19 |       0 |   0.0
        D:3 |     106 |      60 |  36.1 |      30 |       6 |  16.7
        D:4 |       4 |      49 |  92.5 |       1 |       3 |  75.0
            +---------+---------+-------+---------+---------+-------
